 Dungeon Crawl Stone Soup version 0.30-b1-2-g02819fbbbe (webtiles) character file.

Game seed: 3523241661050943795

9 Alarkh the Shooter (level 2, 22/22 HPs)
             Began as a Demonspawn Hunter on July 11, 2023.
             Got out of the dungeon alive.
             The game lasted 00:00:20 (303 turns).

Alarkh the Shooter (Demonspawn Hunter)               Turns: 303, Time: 00:00:20

Health: 22/22      AC:  3    Str: 11    XL:     2   Next: 3%
Magic:  2/2        EV: 11    Int: 10    God:
Gold:   29         SH:  0    Dex: 16    Spells: 1/1 levels left

rFire   . . .        a - +0 shortbow
rCold   . . .        (shield currently unavailable)
rNeg    . . .        c - +0 leather armour
rPois   .            (no helmet)
rElec   .            (no cloak)
rCorr   .            (no gloves)
SInv    .            (no boots)
Will    .....        (no amulet)
Stlth   +            e - ring of wizardry
HPRegen 0.23/turn    (no ring)
MPRegen 0.08/turn

%: wizardry (x1)
@: no status effects
A: hooves 1
a: no special abilities


You escaped.
You visited 1 branch of the dungeon, and saw 1 of its levels.

You collected 29 gold pieces.

Inventory:

Hand Weapons
 a - a +0 shortbow (weapon)
Armour
 c - a +0 leather armour (worn)
Jewellery
 e - a ring of wizardry (left hand)
Scrolls
 b - a scroll of immolation
 f - a scroll of identify {unknown}
Potions
 d - a potion of magic {unknown}


   Skills:
 + Level 2.2 Fighting
 * Level 3.9 Ranged Weapons
 - Level 1.7 Dodging
 - Level 0.8 Stealth


You had one spell level left.
You didn't know any spells.
Your spell library was empty.

Dungeon Overview and Level Annotations

Branches:
Dungeon (1/15)

Altars:


Innate Abilities, Weirdness & Mutations

You have large cloven feet.


Message History

The quokka attacks as you move away! The quokka closely misses you.
The quokka bites you but does no damage.
You shoot an arrow. The arrow closely misses the quokka.
The arrow closely misses the frilled lizard.
The quokka bites you but does no damage.
You shoot an arrow. The arrow barely misses the quokka.
The arrow barely misses the frilled lizard.
The quokka completely misses you. The quokka bites you.
You shoot an arrow. The arrow hits the quokka.
The quokka is severely wounded.
The quokka closely misses you.
You shoot an arrow. The arrow hits the quokka!
You kill the quokka!
You have reached level 2!
Your demonic ancestry asserts itself...
Your feet thicken and deform.
You shoot an arrow.
The arrow closely misses the frilled lizard.
The frilled lizard completely misses you.
You shoot an arrow.
The arrow hits the frilled lizard but does no damage.
The frilled lizard misses you. The frilled lizard barely misses you.
You shoot an arrow.
The arrow closely misses the frilled lizard.
The frilled lizard bites you.
You shoot an arrow.
The arrow closely misses the frilled lizard.
The frilled lizard bites you but does no damage.
You shoot an arrow.
The arrow closely misses the frilled lizard.
The frilled lizard bites you but does no damage.
The frilled lizard barely misses you.
You shoot an arrow. The arrow hits the frilled lizard!
You kill the frilled lizard!
Things that are here:
a +0 dagger; a kobold corpse Unknown command.
There is a staircase leading out of the dungeon here.
Are you sure you want to leave the Dungeon?
This will make you lose the game!
You have escaped!

######....#..÷....÷÷..#
#........
..........#...........#
#..##....
.#.######.#.8..8.8..8.#
#..##..##
.#........#.....[.....#
#..).....
.####..##.#...........#
##.#..### .. .#
.#...........####.#.....
.# #
#...........#....#.#### ..
.#...........#..........
..
.........@.......##.######
.#.#...........#)....... #
#...........#.......#
#...........#####.....
#...........# ##.##
#...........# .#
#.8..8.8..8.#
#...........#


There were no monsters in sight!

Vanquished Creatures
  2 kobolds (D:1)
  3 quokkas (D:1)
  A bat (D:1)
  2 frilled lizards (D:1)
8 creatures vanquished.

Notes
Turn   | Place    | Note
-------+----------+-------------------------------------------
     0 | D:1      | Alarkh the Demonspawn Hunter began the quest for the Orb.
     0 | D:1      | Reached XP level 1. HP: 16/16 MP: 1/1
   243 | D:1      | Gained mutation: You have large cloven feet. [demonic
                  | ancestry]
   243 | D:1      | Reached XP level 2. HP: 11/22 MP: 2/2
   303 | D:$      | Got out of the dungeon alive.

Illustrated notes

Levels and vault maps discovered:
D:1:      giann_forest_graveyard, layout_basic

Action                     || total
---------------------------++-------
   Fire: Shortbow          ||    31
 Armour: Leather armour    ||     4
  Dodge: Dodged            ||    16
